 Dungeon Crawl Stone Soup version 0.17.2-1-ge4368a0 (webtiles) character file.

118606 Charly the Unseen (level 15, -7/65 HPs)
             Began as a Spriggan Enchanter on Aug 7, 2016.
             Was a High Priest of Dithmenos.
             Mangled by a jumping spider (8 damage)
             ... on level 3 of the Depths.
             The game lasted 03:08:25 (8116 turns).

Charly the Unseen (Spriggan Enchanter)              Turns: 8116, Time: 03:08:25

Health: -7/65      AC:  9    Str:  4    XL:     15   Next: 52%
Magic:  0/48       EV: 26    Int: 26    God:    Dithmenos [*****.]
Gold:   785        SH:  0    Dex: 20    Spells: 11 memorised, 4 levels left

rFire  . . .     SeeInvis +     a - +8 quick blade
rCold  . . .     Clarity  .     j - +4 moon troll leather armour {Spirit, Regen++ MP+5}
rNeg   . . .     SustAt   .     (shield restricted)
rPois  .         Gourm    .     (helmet restricted)
rElec  .         Spirit   +     r - +0 cloak
rCorr  .         Warding  .     (gloves unavailable)
rMut   .         Stasis   .     (boots unavailable)
MR     ++...                    (no amulet)
Stlth  ++++......               q - +6 ring of intelligence
                                L - ring of magical power

@: contaminated, glowing, invisible (but backlit and visible), very quick, very
resistant to hostile enchantments, stealthy
A: unfitting armour, see invisible, herbivore 3, speed 3, frail 1, slow
metabolism 2
a: Shadow Step, Shadow Form, Renounce Religion
}: 2/15 runes: silver, gossamer


You were on level 3 of the Depths.
You worshipped Dithmenos.
Dithmenos was extremely pleased with you.
You were not hungry.

You visited 7 branches of the dungeon, and saw 39 of its levels.
You also visited: Labyrinth and Wizlab.

You collected 1049 gold pieces.
You spent 264 gold pieces at shops.

Inventory:

Hand Weapons
 a - a +8 quick blade (weapon)
 w - a +1 short sword of distortion
 x - a +1 rapier of holy wrath
 I - a +0 blowgun of evasion
Missiles
 G - 7 curare-tipped needles
Armour
 j - the +4 moon troll leather armour (worn) {Spirit, Regen++ MP+5}
   (You took it off a moon troll in a wizard's laboratory)

   It affects your magic capacity (+5).
   It increases your rate of regeneration.
 r - a +0 cloak (worn)
Rods
 s - a +4 iron rod (11/11)
   (You found it in a labyrinth)
Jewellery
 e - the ring of Moghioc {rElec rPois Str-3 Int-2 SInv}
   (You found it on level 3 of the Vaults)

   [ring of see invisible]

   It affects your strength (-3).
   It affects your intelligence (-2).
   It insulates you from electricity.
   It protects you from poison.
   It lets you see invisible.
 f - an uncursed ring of fire
 p - an uncursed ring of poison resistance
 q - a +6 ring of intelligence (right hand)
 t - an uncursed ring of sustain attributes
 L - a ring of magical power (left hand)
 P - a +4 ring of protection
 S - an uncursed amulet of stasis
Wands
 c - a wand of polymorph (16)
 g - a wand of polymorph (16)
 h - a wand of hasting (4)
 l - a wand of disintegration (0)
 o - a wand of heal wounds (5)
 U - a wand of digging (0)
 X - a wand of enslavement (14)
Scrolls
 i - a scroll of recharging
 u - 3 scrolls of enchant armour
 C - 7 scrolls of remove curse
 H - 2 scrolls of amnesia
Potions
 b - 2 potions of berserk rage {unknown}
 k - a potion of ambrosia
 m - 2 potions of heal wounds
 n - 2 potions of flight
 v - 7 potions of curing
 z - a potion of haste
 A - a potion of lignification
 B - a potion of cancellation
 J - 3 potions of resistance
 O - a potion of mutation {unknown}
 T - 2 potions of poison {unknown}
 V - a potion of degeneration {unknown}
 Z - 4 potions of brilliance
Books
 F - a book of Enchantments

   Spells                             Type                      Level
   a - Cause Fear                     Hexes                        4
   b - Silence                        Hexes/Air                    5
   c - Deflect Missiles               Charms/Air                   6
   d - Haste                          Charms                       6
   e - Discord                        Hexes                        8
 R - a book of Necromancy

   Spells                             Type                      Level
   a - Pain                           Necromancy                   1
   b - Animate Skeleton               Necromancy                   1
   c - Vampiric Draining              Necromancy                   3
   d - Regeneration                   Charms/Necromancy            3
   e - Animate Dead                   Necromancy                   4
   f - Control Undead                 Necromancy                   4
Miscellaneous
 Y - an ornate deck of wonders
Comestibles
 d - 6 bread rations


   Skills:
 - Level 6.0 Fighting
 + Level 10.9 Short Blades
 - Level 11.0 Dodging
 + Level 19.3 Stealth
 - Level 14.2 Spellcasting
 - Level 12.3 Hexes
 - Level 12.9 Charms
 - Level 2.3 Translocations
 - Level 7.2 Transmutations
 - Level 5.9 Air Magic
 - Level 3.5 Poison Magic


You had 4 spell levels left.
You knew the following spells:

 Your Spells              Type           Power        Failure   Level  Hunger
a - Apportation           Tloc           ####......   2%          1    None
c - Confuse               Hex            ######..     1%          3    None
d - Tukima's Dance        Hex            ######..     1%          3    None
h - Ensorcelled Hibernat  Hex/Ice        ######       1%          2    None
i - Alistair's Intoxicat  Trmt/Pois      #####...     10%         4    None
r - Regeneration          Chrm/Necr      ######....   1%          3    None
s - Dazzling Spray        Conj/Hex       ######..     1%          3    None
B - Summon Butterflies    Summ           ###.....     6%          1    None
D - Deflect Missiles      Chrm/Air       ######....   21%         6    ####...
H - Haste                 Chrm           ######..     6%          6    ####...
I - Invisibility          Hex            ######..     8%          6    ####...


Dungeon Overview and Level Annotations

Branches:
Dungeon (15/15)            Temple (1/1) D:6            Lair (7/8) D:8
 Shoals (0/4) Lair:6       Spider (4/4) Lair:5        Slime (0/6) Lair:6
    Orc (3/4) D:10         Vaults (5/5) D:14          Crypt (0/3) Vaults:2
 Depths (4/5) D:15
    Elf: Orc:3-4

Altars:
Ashenzari
Cheibriados
Dithmenos
Gozag
Kikubaaqudgha
Makhleb
Okawaru
Ru
Sif Muna
Vehumet
Xom
Yredelemnul
Zin
The Shining One
Jiyva
Lugonu

Shops:
D:6 %   D:12 *

Portals:
Ice
Cave: Spider:2

Annotations:
D:6 Sigmund
D:14 Rupert
Spider:1 exclusion: Roxanne, Roxanne
Orc:3 Nergalle
Vaults:2 Frederick
Vaults:3 Norris
Vaults:4 Boris, Xtahua
Vaults:5 Jory


Innate Abilities, Weirdness & Mutations

You are tiny and cannot use many weapons and most armour.
You have supernaturally acute eyesight.
You are a herbivore.
You cover ground extremely quickly.
You need consume almost no food.
You are frail (-10% HP).


Message History

Aiming: Apportation
Press: ? - help Apport: 2 potions of resistance Yoink!
You pull the items towards yourself.
J - 3 potions of resistance (gained 2)
You climb downwards.
An ettin comes into view. It is wielding two dire flails.
Found a ring mail.
There is a stone staircase leading up here.
A stone giant comes into view.
The ettin shouts in stereo!
The stone giant shouts!
The stone giant throws a large rock.
The large rock hits you!!
You see here a large rock.
There is a stone staircase leading up here.
You climb upwards.
The jumping spider pounces on you!
The jumping spider completely misses you.
The ettin completely misses you. The ettin hits you with a dire flail!!!
* * * LOW HITPOINT WARNING * * *
You emit a cloud of dark smoke.
The jumping spider pounces on you!
You die...

.. !....#...
.####.)...(.
..........<.
....#.......
..(.........
#####+##....#.......
#.....††............
##.§.C.......#.....JJ
#...@........#...J...
#..§.s..............J
#.##.#.#........ #
#.#.#.####... #.#.#.#
... .. #.#.#C# .. #.
#.#.#.# #.##.#.#.#
#.#......#


You could see an ettin and a jumping spider.

Vanquished Creatures
  A lich (Depths:2)
  A tentacled starspawn (WizLab)
  3 fire giants
  3 vault wardens
  An emperor scorpion (Spider:4)
  2 ironheart preservers
  3 very ugly things
  2 ettins
  2 vault guards (D:14)
  A crystal guardian (WizLab)
  A fire dragon (Depths:2)
  Josephine (D:13)
  A great orb of eyes (Vaults:2)
  An ice dragon (Vaults:4)
  A rakshasa (Depths:2)
  4 yaktaur captains
  2 hydras
  An entropy weaver (Depths:3)
  4 centaur warriors
  2 ogre magi
  A tengu warrior (D:14)
  2 deep troll earth magi (Vaults:1)
  Sonja (D:13)
  An unseen horror (shapeshifter) (Depths:2)
  3 unseen horrors (D:14)
  5 giant orange brains (WizLab)
  3 orc knights
  Pikel (D:5)
  4 hill giants
  6 orb spiders
  A deep troll (Vaults:1)
  20 ugly things
  14 wolf spiders
  An ironbrand convoker (Vaults:5)
  2 hornets
  A manticore (D:14)
  A black mamba (Lair:5)
  3 centaur zombies
  2 vault sentinels
  2 eyes of devastation (WizLab)
  A kobold demonologist (D:14)
  A centaur skeleton (D:13)
  26 yaktaurs
  A deep elf priest (Vaults:3)
  2 komodo dragons (Lair:6)
  6 jumping spiders
  A freezing wraith (Vaults:4)
  A tengu simulacrum (Vaults:4)
  Prince Ribbit (D:5)
  A boulder beetle (shapeshifter) (Vaults:5)
  3 trolls
  3 two-headed ogres (Vaults:1)
  5 slime creatures
  3 boulder beetles
  12 redbacks
  11 yaks
  4 tarantellas
  A shadow (D:15)
  4 trapdoor spiders
  2 deep elf magi
  A wyvern (D:9)
  3 wraiths
  A neqoxec (WizLab)
  A hog (shapeshifter) (Depths:1)
  A deep elf fighter (Vaults:5)
  3 hippogriffs
  A hungry ghost (D:14)
  A porcupine (Spider:1)
  3 water moccasins
  3 orc warriors
  11 spiders
  A black bear (D:10)
  2 sky beasts (D:12)
  3 slaves (D:5)
  3 ice beasts
  A phantom (D:9)
  A necrophage (D:8)
  2 wasps
  A crocodile (Lair:5)
  7 ogres
  6 centaurs
  6 giant frogs
  Blork the orc (D:5)
  A water moccasin zombie (D:10)
  3 scorpions
  A wyvern skeleton (D:14)
  5 killer bees (D:14)
  3 wights (D:9)
  2 crimson imps
  A giant frog zombie (D:12)
  A giant frog skeleton (D:4)
  2 jellies
  5 orc priests
  2 hounds
  4 iguanas
  4 orc wizards
  3 worker ants
  Natasha (D:3)
  A killer bee zombie (D:9)
  7 sheep
  3 gnolls (D:5)
  14 river rats
  7 adders
  A shadow imp (D:8)
  An ufetubus (Vaults:4)
  An ooze (D:6)
  An adder skeleton (D:6)
  2 worms
  3 giant geckos
  21 orcs
  3 bats
  5 giant cockroaches
  3 goblins
  3 hobgoblins
  7 jackals
  3 quokkas
  2 ball pythons
  2 giant newts
  3 kobolds
  A quokka zombie (D:5)
  A rat (D:3)
  A fungus (D:8)
397 creatures vanquished.

Vanquished Creatures (collateral kills)
  A moon troll (WizLab)
  An ironbrand convoker (Vaults:5)
  A two-headed ogre (D:10)
  2 orc warriors (D:10)
  2 killer bees (D:10)
  An orc priest (D:10)
  3 orcs (D:10)
11 creatures vanquished.

Vanquished Creatures (others)
  4 dancing weapons
  An ugly thing (Depths:2)
  A yaktaur (Depths:2)
  A killer bee (D:10)
7 creatures vanquished.

Grand Total: 415 creatures vanquished

Notes
Turn   | Place    | Note
--------------------------------------------------------------
     0 | D:1      | Charly the Spriggan Enchanter began the quest for the Orb.
     0 | D:1      | Reached XP level 1. HP: 9/9 MP: 5/5
   189 | D:1      | Reached skill level 5 in Stealth
   193 | D:1      | Reached XP level 2. HP: 10/13 MP: 3/6
   206 | D:2      | Learned a level 2 spell: Ensorcelled Hibernation
   239 | D:3      | Noticed Natasha
   417 | D:2      | Reached XP level 3. HP: 12/16 MP: 1/8
   499 | D:3      | Reached skill level 6 in Stealth
   499 | D:3      | Reached XP level 4. HP: 18/21 MP: 5/9
   531 | D:3      | Killed Natasha
   531 | D:3      | Reached skill level 5 in Hexes
   627 | D:3      | Reached skill level 7 in Stealth
   719 | D:3      | Reached XP level 5. HP: 4/24 MP: 2/10
   727 | D:3      | Learned a level 3 spell: Dazzling Spray
   731 | D:3      | Learned a level 3 spell: Confuse
   819 | D:5      | Entered Level 5 of the Dungeon
   845 | D:5      | Noticed a centaur
   875 | D:5      | Killed a centaur
   889 | D:4      | Reached skill level 8 in Stealth
   909 | D:5      | Noticed Blork the orc
   921 | D:5      | Killed Blork the orc
   921 | D:5      | Reached XP level 6. HP: 15/28 MP: 4/11
  1008 | D:5      | Reached skill level 9 in Stealth
  1014 | D:5      | Noticed a slave
  1024 | D:5      | Noticed a slave
  1024 | D:5      | Noticed a slave
  1051 | D:5      | Killed a slave
  1059 | D:5      | Noticed Pikel
  1060 | D:5      | Noticed a slave
  1107 | D:5      | Reached XP level 7. HP: 18/32 MP: 4/12
  1131 | D:5      | Noticed Prince Ribbit
  1139 | D:5      | Killed Prince Ribbit
  1139 | D:5      | Reached skill level 10 in Stealth
  1285 | D:5      | Killed a slave
  1300 | D:5      | Killed a slave
  1313 | D:5      | Killed Pikel
  1313 | D:5      | Reached skill level 11 in Stealth
  1313 | D:5      | Reached XP level 8. HP: 19/36 MP: 0/13
  1339 | D:5      | Learned a level 3 spell: Tukima's Dance
  1399 | D:6      | Found a staircase to the Ecumenical Temple.
  1406 | Temple   | Entered the Ecumenical Temple
  1421 | Temple   | Became a worshipper of Dithmenos the Shadowed
  1546 | D:6      | Noticed Sigmund
  1569 | D:6      | Found Ziczukh's Food Shop.
  1609 | D:7      | Found a deep blue altar of Sif Muna.
  1611 | D:7      | Found a radiant altar of Vehumet.
  1611 | D:7      | Found an ancient bone altar of Kikubaaqudgha.
  1616 | D:7      | Identified Kikubaaqudgha's Reference Book on Evil (You found it on level 7 of the Dungeon)
  1623 | D:7      | Identified Sif Muna's Collected Works on Beguiling (You found it on level 7 of the Dungeon)
  1630 | D:7      | Identified Vehumet's Incunabulum of Attacks (You found it on level 7 of the Dungeon)
  1680 | D:9      | Noticed a troll
  1686 | D:9      | Killed a troll
  1686 | D:9      | Reached skill level 12 in Stealth
  1722 | D:10     | Entered Level 10 of the Dungeon
  1797 | D:11     | Noticed a hill giant
  1800 | D:11     | Reached skill level 10 in Hexes
  1805 | D:11     | Killed a hill giant
  1805 | D:11     | Reached skill level 13 in Stealth
  1805 | D:11     | Reached skill level 5 in Spellcasting
  1805 | D:11     | Reached XP level 9. HP: 39/39 MP: 9/18
  1839 | D:11     | Noticed a cyclops
  2058 | D:11     | Reached * piety under Dithmenos
  2088 | D:11     | Noticed an orc sorcerer
  2099 | D:11     | Noticed a green ugly thing
  2120 | D:11     | Killed a green ugly thing
  2185 | D:12     | Reached skill level 14 in Stealth
  2195 | D:13     | Noticed Josephine
  2195 | D:13     | Noticed an efreet
  2203 | D:13     | Killed Josephine
  2203 | D:13     | Reached XP level 10. HP: 13/44 MP: 13/22
  2206 | D:13     | Noticed Sonja
  2232 | D:12     | Found Basmeru's Assorted Antiques.
  2240 | D:12     | Bought a scroll labeled DOG FOHOQOITIN for 33 gold pieces
  2240 | D:12     | Bought a scroll labeled JILYJA XUUNOE for 33 gold pieces
  2240 | D:12     | Bought a sharpened glass wand for 132 gold pieces
  2240 | D:12     | Bought a wand of polymorph for 66 gold pieces
  2286 | D:12     | Found a labyrinth entrance.
  2287 | D:12     | Noticed a centaur zombie
  2292 | D:12     | Reached skill level 1 in Fighting
  2320 | D:12     | Killed a centaur zombie
  2320 | D:12     | Reached skill level 15 in Stealth
  2326 | Lab      | Entered a labyrinth
  2461 | Lab      | Noticed a minotaur
  2464 | Lab      | Identified the Tome of Transmutation (You found it in a labyrinth)
  2472 | D:12     | Reached skill level 5 in Dodging
  2516 | D:13     | Noticed a centaur skeleton
  2516 | D:13     | Noticed a centaur zombie
  2518 | D:13     | Killed a centaur skeleton
  2521 | D:13     | Killed a centaur zombie
  2576 | D:13     | Killed Sonja
  2751 | D:11     | You fall through a shaft!
  2846 | D:10     | Found a staircase to the Orcish Mines.
  2846 | D:10     | Noticed a two-headed ogre
  2852 | D:10     | Killed a two-headed ogre
  2865 | D:10     | Reached XP level 11. HP: 42/52 MP: 3/23
  2870 | Orc:1    | Entered Level 1 of the Orcish Mines
  2882 | Orc:3    | Noticed Nergalle
  2969 | D:9      | Found a glowing golden altar of the Shining One.
  2986 | D:9      | Found a snail-covered altar of Cheibriados.
  2986 | D:9      | Found an iron altar of Okawaru.
  2988 | D:9      | Found a basalt altar of Yredelemnul.
  3150 | D:8      | Reached ** piety under Dithmenos
  3157 | D:8      | Found a staircase to the Lair.
  3175 | Lair:1   | Entered Level 1 of the Lair of Beasts
  3208 | Lair:1   | Learned a level 6 spell: Invisibility
  3210 | Lair:1   | Learned a level 1 spell: Apportation
  3210 | Lair:1   | magipi: hello
  3210 | Lair:1   | Charly: hi
  3211 | Lair:1   | magipi: invis, that's good
  3211 | Lair:1   | Charly: very
  3221 | Lair:1   | magipi: de you really need more hexes?
  3221 | Lair:1   | Charly: yes
  3286 | Lair:4   | Noticed a seven-headed hydra
  3304 | Lair:3   | Reached skill level 1 in Translocations
  3409 | Lair:5   | magipi: nice
  3548 | Lair:5   | Found a hole to the Spider Nest.
  3563 | Lair:5   | magipi: spider is good
  3571 | Lair:5   | Charly: it is
  3640 | Lair:6   | Found a staircase to the Slime Pits.
  3640 | Lair:6   | Found a viscous altar of Jiyva.
  3663 | Lair:6   | Found a staircase to the Shoals.
  3758 | Lair:5   | Learned a level 1 spell: Summon Butterflies
  3765 | Spider:1 | Entered Level 1 of the Spider Nest
  3829 | Spider:1 | Reached skill level 5 in Short Blades
  3832 | Spider:1 | Noticed Roxanne
  3833 | Spider:1 | magipi: oh
  3870 | Spider:1 | Reached *** piety under Dithmenos
  3891 | Spider:1 | Reached skill level 16 in Stealth
  3946 | Spider:2 | Identified a scroll of acquirement
  3946 | Spider:2 | magipi: wand?
  3946 | Spider:2 | Charly: or weapon
  3946 | Spider:2 | magipi: hoping for qblade?
  3946 | Spider:2 | Charly: I should get it
  3946 | Spider:2 | magipi: or a sling :D
  3948 | Spider:2 | magipi: nice
  3949 | Spider:2 | magipi: oh
  3976 | Spider:2 | Reached skill level 10 in Spellcasting
  3995 | Spider:2 | Reached XP level 12. HP: 49/58 MP: 21/27
  4038 | Spider:2 | Found a frozen archway.
  4121 | Spider:3 | magipi: will you ever use the poison needles?
  4122 | Spider:4 | Entered Level 4 of the Spider Nest
  4139 | Spider:4 | Charly: maybe
  4139 | Spider:4 | Charly: but didnt really need them sofar
  4155 | Spider:4 | timbw: how are they
  4163 | Spider:4 | timbw: sense the nerf
  4182 | Spider:4 | timbw: do you have to train a buttload of throwing
  4188 | Spider:4 | Charly: on trunk they are useless without training
  4188 | Spider:4 | Charly: but thats 0.17
  4222 | Spider:4 | magipi: what a weird level
  4252 | Spider:4 | Reached skill level 5 in Fighting
  4291 | Spider:4 | Reached skill level 10 in Dodging
  4308 | Spider:4 | magipi: wow
  4460 | Spider:4 | Reached **** piety under Dithmenos
  4463 | Spider:4 | Noticed an emperor scorpion
  4464 | Spider:4 | Noticed an emperor scorpion
  4464 | Spider:4 | Noticed an emperor scorpion
  4468 | Spider:4 | Noticed a ghost moth
  4469 | Spider:4 | Noticed a ghost moth
  4473 | Spider:4 | Killed an emperor scorpion
  4475 | Spider:4 | magipi: oh crap
  4475 | Spider:4 | Got a gossamer rune of Zot
  4476 | Spider:4 | magipi: should have used a dagger?
  4476 | Spider:4 | Charly: thats perfectly fine
  4566 | Spider:3 | Noticed an entropy weaver
  4634 | Lair:5   | magipi: shoals now?
  4634 | Lair:5   | Charly: @?water nymph
  4634 | Lair:5   | beem: water nymph (m)
                  | Spd:
    10 | HD: 10   | HP: 34-45
                  | AC/EV: 2/13
                  | Dam: 12(drown)
                  | amphibious, spellcaster, see invisible
                  | Res: magic(100), drown
                  | XP: 443
                  | Sp: waterstrike (3d17)
                  | Sz: Medium
                  | Int: human.
  4634 | Lair:5   | Charly: Im not sure
  4634 | Lair:5   | magipi: shoals is pretty absurd
  4634 | Lair:5   | Charly: @?merfolk aquamancer
  4634 | Lair:5   | beem: merfolk aquamancer (m)
                  | Spd: 10 (swim: 60%)
                  | HD: 14
                  | HP: 52-73
                  | AC/EV: 2/12
                  | Dam: 15
                  | weapons, items, doors, amphibious, spellcaster, see invisible
                  | Res: magic(80), drown
                  | XP: 912
                  | Sp: primal wave (3d20), steam ball (3d18), throw icicle (3d23), blink [emergency]
                  | Sz: Medium
                  | Int: human.
  4644 | Lair:5   | Learned a level 6 spell: Deflect Missiles
  4666 | Lair:4   | Killed a seven-headed hydra
  4666 | Lair:4   | Reached skill level 1 in Charms
  4795 | D:9      | Reached skill level 1 in Air Magic
  4798 | D:9      | Noticed a troll
  4816 | D:9      | Killed a troll
  4825 | D:9      | Learned a level 3 spell: Regeneration
  4939 | D:9      | Found a burning altar of Makhleb.
  5036 | D:14     | Noticed a red ugly thing
  5037 | D:14     | Noticed a red ugly thing
  5039 | D:14     | Noticed a red ugly thing
  5039 | D:14     | Noticed a red ugly thing
  5040 | D:14     | Killed a red ugly thing
  5040 | D:14     | Reached XP level 13. HP: 65/65 MP: 10/29
  5041 | D:14     | Noticed a red ugly thing
  5042 | D:14     | Noticed a red ugly thing
  5043 | D:14     | Killed a red ugly thing
  5045 | D:14     | Killed a red ugly thing
  5048 | D:14     | Killed a red ugly thing
  5052 | D:14     | Killed a red ugly thing
  5052 | D:14     | Reached skill level 5 in Charms
  5054 | D:14     | Killed a red ugly thing
  5098 | D:14     | Noticed an unseen horror
  5100 | D:14     | Noticed a manticore
  5103 | D:14     | Killed a manticore
  5106 | D:14     | Killed an unseen horror
  5127 | D:14     | Noticed Rupert
  5131 | D:14     | Charly: ??stab
  5131 | D:14     | beem: stabbing[1/5]: A stab with a short blade does increased damage: (dam+bonus)*mult, where bonus depends on your dex as well as your stealth and weapon skills and is capped at 30, and mult depends on your stealth/weapon skills and the type of stab (sleep/paralysis is best). Non-short blades don't get a bonus and have lower mult. Daggers get bonus doubled (but still capped at 30).
  5132 | D:14     | Paralysed by Rupert for 7 turns
  5187 | D:15     | Entered Level 15 of the Dungeon
  5216 | D:14     | Noticed an unseen horror
  5220 | D:14     | Killed an unseen horror
  5228 | D:14     | Found a gate to the Vaults.
  5228 | D:14     | Noticed a centaur warrior
  5228 | D:14     | Noticed an unseen horror
  5228 | D:14     | Noticed a vault guard
  5228 | D:14     | Noticed a vault guard
  5228 | D:14     | Noticed a vault guard
  5228 | D:14     | Noticed a vault guard
  5228 | D:14     | Noticed a tengu warrior
  5286 | D:14     | Killed a vault guard
  5286 | D:14     | Reached skill level 17 in Stealth
  5366 | D:14     | Killed a vault guard
  5369 | D:14     | Noticed a hill giant
  5422 | D:14     | Killed a tengu warrior
  5435 | D:14     | Killed an unseen horror
  5461 | Vaults:1 | Entered Level 1 of the Vaults
  5463 | Vaults:1 | Noticed an ironheart preserver
  5560 | Vaults:1 | Noticed an ironheart preserver
  5564 | Vaults:1 | Killed an ironheart preserver
  5572 | Vaults:1 | Noticed a white very ugly thing
  5646 | Vaults:1 | Learned a level 6 spell: Haste
  5689 | Vaults:2 | Found a magical portal.
  5698 | WizLab   | Entered Lehudib's Moon Base
  5699 | WizLab   | Charly: ??Lehudib moon base
  5699 | WizLab   | beem: Lehudib moon base ~ lehudib's moon base[1/1]: A wizlab featuring a {moon troll} and earth, crystal, and "space" (some eyes and abyss) monsters. Good random loot, an acquirement-level item guarded by a lunar statue, and a Lehudib randbook.
  5699 | WizLab   | Charly: ??moon troll
  5699 | WizLab   | beem: moon troll[1/1]: A monster found only in lehudib's {moon base}. Speed 12 iron troll with more hd and {corrosive bolt}. Always wears {moon troll leather armour} unless this has generated, otherwise artefact {troll leather armour}.
  5708 | WizLab   | Noticed a tentacled starspawn
  5710 | WizLab   | Killed a tentacled starspawn
  5724 | WizLab   | Reached skill level 10 in Charms
  5750 | WizLab   | Noticed a tentacled starspawn
  5825 | WizLab   | Noticed a tentacled starspawn
  5826 | WizLab   | Charly: @?crystal guardian
  5826 | WizLab   | beem: crystal guardian (8)
                  | Spd:
    10 | HD: 16   | HP: 52-75
                  | AC/EV: 22/0
                  | Dam: 35
                  | non-living, doors, see invisible, unbreathing
                  | Res: magic(immune), fire+++, cold+++, elec+++, poison+++, drown, rot+++, neg+++, torm
                  | XP: 1109
                  | Sp: b.crystal (3d25) [!sil]
                  | Sz: Large
                  | Int: brainless.
  5847 | WizLab   | Noticed a moon troll
  5848 | WizLab   | Charly: @?moon troll
  5848 | WizLab   | beem: moon troll (T)
                  | Spd:
    12 | HD: 18   | HP: 82-117
                  | AC/EV: 20/4
                  | Dam: 35, 25(claw), 25(claw)
                  | weapons, items, doors, spellcaster, see invisible, regen
                  | Res: magic(140), fire, cold, poison
                  | XP: 2746
                  | Sp: b.corrosive (3d21)
                  | Sz: Big
                  | Int: human.
  5849 | WizLab   | BritishBean: :)
  5856 | WizLab   | magipi: dagger
  5860 | WizLab   | Killed a moon troll
  5860 | WizLab   | Reached XP level 14. HP: 70/70 MP: 30/32
  5886 | WizLab   | Got an iridescent dagger
  5903 | WizLab   | Identified the cursed +1 dagger of Oxzenn {flame, Dex+7} (You found it in a wizard's laboratory)
  5933 | Vaults:2 | Noticed Frederick
  5970 | Vaults:2 | Reached skill level 5 in Air Magic
  6131 | Vaults:3 | Gained mutation: You are frail (-10% HP). [mutagenic glow]
  6176 | Vaults:3 | Got a smoking jade ring
  6180 | Vaults:3 | Identified the ring of Moghioc {rElec rPois Str-3 Int-2 SInv} (You found it on level 3 of the Vaults)
  6185 | Vaults:3 | Noticed a sphinx
  6185 | Vaults:3 | Noticed a vault warden
  6239 | Vaults:3 | Killed a vault warden
  6257 | Vaults:3 | Noticed Norris
  6313 | Vaults:3 | Identified a +2 rod of destruction (12/12) (You found it on level 3 of the Lair of Beasts)
  6314 | Vaults:3 | Identified a +8 rod of ignition (9/9) (You found it in a wizard's laboratory)
  6321 | Vaults:3 | Noticed a vault warden
  6330 | Vaults:3 | Killed a vault warden
  6437 | Vaults:3 | Learned a level 4 spell: Alistair's Intoxication
  6477 | Vaults:3 | Reached skill level 1 in Transmutations
  6508 | Vaults:4 | Noticed a vault warden
  6512 | Vaults:4 | Reached skill level 1 in Poison Magic
  6535 | Vaults:4 | Killed a vault warden
  6566 | Vaults:4 | Noticed Xtahua
  6567 | Vaults:4 | Charly: @?xtahua
  6567 | Vaults:4 | beem: Xtahua (D)
                  | Spd:
    10 | HD: 20   | HP: 107-153
                  | AC/EV: 15/7
                  | Dam: 35, 17(claw), 20(trample)
                  | breaks doors, see invisible, fly
                  | Res: magic(180), fire++, poison, drown
                  | Vul: cold
                  | XP: 4807
                  | Sp: searing breath (3d40) [!AM, !sil, breath], paralyse
                  | Sz: Giant
                  | Int: human.
  6666 | Vaults:4 | Noticed Boris
  6679 | Vaults:4 | Noticed a vault warden
  6852 | Vaults:4 | Noticed a fire giant
  6918 | Vaults:4 | Killed a fire giant
  6918 | Vaults:4 | Reached skill level 5 in Transmutations
  7051 | Vaults:5 | Entered Level 5 of the Vaults
  7051 | Vaults:5 | Noticed a fire giant
  7054 | Vaults:5 | Noticed a sphinx
  7085 | Vaults:5 | Noticed Jory
  7098 | Vaults:5 | Noticed a golden dragon
  7102 | Vaults:5 | Got a silver rune of Zot
  7103 | Vaults:5 | Noticed a shadow dragon
  7121 | Vaults:5 | Noticed a fire giant
  7126 | Vaults:5 | Killed a fire giant
  7159 | Vaults:5 | Noticed a frost giant
  7208 | Vaults:5 | Noticed a shadow dragon
  7281 | Vaults:5 | Charly: @?shadow dragon
  7281 | Vaults:5 | beem: shadow dragon (D)
                  | Spd:
    10 | HD: 17   | HP: 104-149
                  | AC/EV: 15/10
                  | Dam: 20(drain), 15(claw), 15(claw)
                  | evil, cold-blooded, see invisible, fly
                  | Res: magic(120), cold++, poison, drown, neg+++
                  | Vul: holy
                  | Chunks: noxious
                  | XP: 2078
                  | Sp: b.draining (3d24) [!AM, !sil, breath]
                  | Sz: Giant
                  | Int: animal.
  7292 | Vaults:5 | Noticed an ancient lich
  7428 | Vaults:1 | Reached XP level 15. HP: 52/65 MP: 4/34
  7596 | D:15     | Found a staircase to the Depths.
  7596 | D:15     | Noticed a fire giant
  7614 | D:15     | Killed a fire giant
  7623 | D:15     | Reached skill level 18 in Stealth
  7626 | Depths:1 | Entered Level 1 of the Depths
  7932 | Depths:2 | Reached skill level 10 in Short Blades
  8010 | Depths:2 | Noticed a lich
  8012 | Depths:2 | Killed a lich
  8012 | Depths:2 | Reached skill level 19 in Stealth
  8061 | Depths:2 | Reached ***** piety under Dithmenos
  8116 | Depths:3 | HP: 1/65 [ettin/dire flail (32)]
  8116 | Depths:3 | Mangled by a jumping spider

Action                   |  1- 3 |  4- 6 |  7- 9 | 10-12 | 13-15 || total
-------------------------+-------+-------+-------+-------+-------++-------
Melee: Dagger            |    62 |    67 |    70 |   131 |       ||   330
       Rapier            |       |       |     3 |    14 |       ||    17
       Quick blade       |       |       |       |   124 |   418 ||   542
 Fire: Blowgun           |       |       |       |       |     7 ||     7
 Cast: Corona            |    12 |       |       |       |       ||    12
       Ensorcelled Hiber |     8 |    17 |    21 |    56 |    36 ||   138
       Confuse           |       |     3 |     7 |    22 |    31 ||    63
       Dazzling Spray    |       |     1 |    10 |     7 |    22 ||    40
       Tukima's Dance    |       |       |       |     4 |     8 ||    12
       Invisibility      |       |       |       |     7 |     9 ||    16
       Apportation       |       |       |       |    12 |    35 ||    47
       Regeneration      |       |       |       |     1 |     3 ||     4
       Haste             |       |       |       |       |     1 ||     1
       Deflect Missiles  |       |       |       |       |     3 ||     3
       Alistair's Intoxi |       |       |       |       |     2 ||     2
       Summon Butterflie |       |       |       |       |     1 ||     1
Invok: Shadow Step       |       |       |       |       |    11 ||    11
Evoke: Wand              |       |       |     2 |    11 |    17 ||    30
       Phantom mirror    |       |       |       |       |     1 ||     1
  Use: Potion            |       |     1 |     4 |     2 |     5 ||    12
       Scroll            |       |       |       |    22 |    15 ||    37
 Stab: Sleeping          |    13 |    12 |    23 |    86 |    94 ||   228
       Confused          |       |     2 |     1 |     7 |    13 ||    23
       Distracted        |       |     1 |     1 |     1 |     2 ||     5
       Invisible         |       |     1 |     4 |    44 |    62 ||   111
       Fleeing           |       |       |       |     1 |       ||     1
  Eat: Pizza             |       |     1 |     2 |     1 |     5 ||     9
       Fruit             |       |       |       |     6 |       ||     6
